 Dungeon Crawl Stone Soup version 0.23-a0-143-g1adec7b (webtiles) character file.

32 grindst0ne the Charlatan (level 3, 0/27 HPs)
             Began as a Human Artificer on Sept 6, 2018.
             Succumbed to an adder's poison
             ... on level 2 of the Dungeon.
             The game lasted 00:01:30 (1114 turns).

grindst0ne the Charlatan (Human Artificer)          Turns: 1114, Time: 00:01:31

Health: 0/27       AC:  6    Str: 13    XL:     3   Next: 42%
Magic:  5/5        EV: 12    Int: 11    God:
Gold:   51         SH:  0    Dex: 13    Spells: 2/2 levels left

rFire    . . .     SeeInvis .   h - +0 hand axe
rCold    . . .     Gourm    .   (no shield)
rNeg     . . .     Faith    .   b - +0 leather armour
rPois    .         Spirit   .   (no helmet)
rElec    .         Reflect  .   (no cloak)
rCorr    .         Harm     .   (no gloves)
MR       .....                  p - +2 pair of boots
Stlth    +.........             (no amulet)
HPRegen  0.09/turn              (no ring)
MPRegen  0.09/turn              (no ring)

@: lethally poisoned (0 -> -10)
A: no striking features
a: no special abilities


You were on level 2 of the Dungeon.
You were hungry.

You visited 1 branch of the dungeon, and saw 2 of its levels.

You collected 51 gold pieces.

Inventory:

Hand Weapons
 a - a +0 short sword
 h - a +0 hand axe (weapon)
Missiles
 k - 12 tomahawks (quivered)
Armour
 b - a +0 leather armour (worn)
 p - a +2 pair of boots (worn)
Jewellery
 m - an uncursed amulet of the acrobat {unknown}
 n - a +3 ring of strength {unknown}
Wands
 c - a wand of flame (14)
 d - a wand of enslavement (15)
 e - a wand of random effects (15)
Scrolls
 g - a scroll of enchant weapon {unknown}
 j - 2 scrolls of enchant armour {unknown}
 l - a scroll of noise {unknown}
 q - a scroll of magic mapping {unknown}
 r - a scroll of random uselessness {unknown}
Potions
 i - 2 potions of cancellation
Comestibles
 f - 3 rations


   Skills:
 + Level 2.2 Fighting
 - Level 1.0 Short Blades
 - Level 2.0 Dodging
 - Level 1.0 Stealth
 + Level 3.6 Evocations


You had 2 spell levels left.
You didn't know any spells.
Your spell library was empty.

Dungeon Overview and Level Annotations

Branches:
Dungeon (2/15)

Altars:


Message History

You are poisoned.
The adder poisons you!
You hit the adder but do no damage.
The adder is almost dead.
You feel sick. The adder bites you.
* * * LOW HITPOINT WARNING * * *
You are lethally poisoned!
The adder poisons you!
Your leather armour prevents you from hitting the adder.
The adder is almost dead.
* * * LOW HITPOINT WARNING * * *
You feel sick. The adder closely misses you. The adder bites you.
* * * LOW HITPOINT WARNING * * *
It was a potion of cancellation.
You feel magically purged.
* * * LOW HITPOINT WARNING * * *
You feel sick. The adder bites you but does no damage.
Okay, then.
You barely miss the adder.
The adder is almost dead.
You die...

....†........#
.#.####......########
...# #.............#
..## #......#.##.#.#
..# #......#.##.# ..#
########....# #.#
#..### #.# #..###.#
#.# #..@S..# #.#
##.##### #<# #.. >.#
### ### #.#.##.## #
#.[.....##
#####.#^......


You could see an adder.

Vanquished Creatures
  An adder (D:2)
  2 dart slugs (D:1)
  A leopard gecko (D:1)
  2 goblins (D:2)
  5 hobgoblins (D:1)
  2 frilled lizards
  2 kobolds (D:1)
  3 rats (D:1)
18 creatures vanquished.

Notes
Turn   | Place    | Note
-------+----------+-------------------------------------------
     0 | D:1      | grindst0ne the Human Artificer began the quest for the Orb.
     0 | D:1      | Reached XP level 1. HP: 15/15 MP: 3/3
   414 | D:1      | Reached XP level 2. HP: 16/21 MP: 4/4
  1044 | D:2      | Reached XP level 3. HP: 26/27 MP: 5/5
  1113 | D:2      | HP: 1/27 [poisoned by an adder]
  1114 | D:2      | Succumbed to an adder's poison

Vault maps used:
D:1:      lemuel_arrival_river_ford
D:2:      first_ration, nrook_mini_vaults, uniq_robin, uniq_jessica,
          uniq_crazy_yiuf_cottage, uniq_terence

Skill      XL: |  1  2 |
---------------+-------+-----
Fighting       | 2 |  2.2
Short Blades   | |  1.0
Dodging        | |  2.0
Stealth        | |  1.0
Evocations     | |  3.6

Action                   || total
-------------------------++-------
Melee: Hand axe          ||    69
Evoke: Wand              ||     1
  Use: Potion            ||     1
 Stab: Sleeping          ||     1
Armor: Leather armour    ||    20
Dodge: Dodged            ||    40

Table legend:
 A = Non-vault XP
 B = Vault XP
 C = Vault XP percentage of total XP
 D = Non-vault monster count
 E = Vault monster count
 F = Vault count percentage of total count
                 A         B        C        D         E       F
            +---------+---------+-------+---------+---------+-------
      Total |      46 |       0 |   0.0 |      18 |       0 |   0.0
            +---------+---------+-------+---------+---------+-------
        D:1 |      28 |       0 |   0.0 |      14 |       0 |   0.0
        D:2 |      18 |       0 |   0.0 |       4 |       0 |   0.0
            +---------+---------+-------+---------+---------+-------
